 Dungeon Crawl Stone Soup version 0.26-a0-651-gb41185065b (webtiles) character file.

Game seed: 5813732253017973674

16 Ozzies the Skirmisher (level 2, -2/20 HPs)
             Began as a Gargoyle Fighter on Oct 14, 2020.
             Killed from afar by a dart slug (6 damage)
             ... with a slug dart
             ... on level 1 of the Dungeon.
             The game lasted 00:00:53 (208 turns).

Ozzies the Skirmisher (Gargoyle Fighter)             Turns: 208, Time: 00:00:54

Health: -2/20      AC:  9    Str: 19    XL:     2   Next: 58%
Magic:  2/2        EV:  7    Int:  8    God:
Gold:   14         SH:  9    Dex:  9    Spells: 1/1 levels left

rFire    . . .     SeeInvis .   a - +0 flail
rCold    . . .     Faith    .   c - +0 kite shield
rNeg     + . .     Spirit   .   b - +0 scale mail
rPois    ∞         Reflect  .   (no helmet)
rElec    +         Harm     .   (no cloak)
rCorr    .         Rampage  .   (no gloves)
MR       .....                  (no boots)
Stlth    ..........             (no amulet)
HPRegen  0.06/turn              (no ring)
MPRegen  0.08/turn              (no ring)

@: no status effects
A: negative energy resistance 1, electricity resistance, unbreathing,
petrification resistance, rot immunity, AC +2
a: no special abilities


You were on level 1 of the Dungeon.
You visited 1 branch of the dungeon, and saw 1 of its levels.

You collected 14 gold pieces.

Inventory:

Hand Weapons
 a - a +0 flail (weapon)
Armour
 b - a +0 scale mail (worn)
 c - a +0 kite shield (worn)
Scrolls
 e - 2 scrolls of identify {unknown}
Potions
 d - a potion of might {@q3 !q}


   Skills:
 + Level 4.2 Fighting
 - Level 2.0 Maces & Flails
 - Level 3.2 Armour
 - Level 3.2 Shields


You had one spell level left.
You didn't know any spells.
Your spell library was empty.

Dungeon Overview and Level Annotations

Branches:
Dungeon (1/15)

Altars:


Innate Abilities, Weirdness & Mutations

You are resistant to torment.
Your stone body is resilient. (AC +2)
You are immune to poison.
You resist negative energy. (rN+)
You are resistant to electric shocks. (rElec)
You can survive without breathing.
You are immune to petrification.
You are immune to rotting.


Message History

No target in view!
No target in view!
No target in view!
No target in view!
No target in view!
No target in view!
No target in view!
No target in view!
No target in view!
No target in view!
No target in view!
No target in view!
A kobold comes into view. It is wielding a +0 whip.
A kobold is nearby!
A kobold is nearby!
A kobold is nearby!
A kobold is nearby!
A kobold is nearby!
A kobold is nearby!
A kobold is nearby!
A kobold is nearby!
A kobold is nearby!
A kobold is nearby!
A kobold is nearby!
A kobold is nearby!
The kobold shouts!
The kobold throws a stone.
The stone hits you but does no damage.
Found a scroll labeled DUIRUPO SODA.
You see here a stone.
An ooze comes into view.
The ooze quivers.
A hobgoblin comes into view. It is wielding a +0 club.
The kobold hits you but does no damage.
The hobgoblin shouts!
You sock the kobold!
You kill the kobold!
A kobold comes into view.
You see here a +0 whip.
The hobgoblin hits you with a +0 club.
The kobold shouts!
You hit the hobgoblin.
The hobgoblin is almost dead.
The hobgoblin barely misses you.
The kobold throws a stone.
The stone hits you but does no damage. The ooze hits you.
The hobgoblin hits you but does no damage.
You barely miss the hobgoblin.
The hobgoblin is almost dead.
The ooze hits you but does no damage.
A dart slug comes into view.
The hobgoblin hits you but does no damage.
You hit the hobgoblin.
You kill the hobgoblin!
The ooze hits you. You block the ooze's attack.
You hit the ooze.
The ooze is heavily wounded.
The ooze barely misses you. The dart slug launches a dart at you.
You block the slug dart.
You sock the ooze!
You kill the ooze!
You see here a +0 whip.
You closely miss the kobold. The kobold hits you but does no damage.
The kobold barely misses you.
You closely miss the kobold. The dart slug launches a dart at you.
The slug dart hits you. The kobold hits you.
You are too injured to fight recklessly!
You are too injured to fight recklessly!
You are too injured to fight recklessly!
You are too injured to fight recklessly!
You are too injured to fight recklessly!
You are too injured to fight recklessly!
You are too injured to fight recklessly!
You are too injured to fight recklessly!
You are too injured to fight recklessly!
You are too injured to fight recklessly!
You are too injured to fight recklessly!
You are too injured to fight recklessly!
You are too injured to fight recklessly!
You are too injured to fight recklessly!
You are too injured to fight recklessly!
You are too injured to fight recklessly!
You are too injured to fight recklessly!
You are too injured to fight recklessly!
You are too injured to fight recklessly!
You are too injured to fight recklessly!
You are too injured to fight recklessly!
There are monsters nearby!
You sock the kobold!
You kill the kobold!
The dart slug launches a dart at you. The slug dart hits you.
* * * LOW HITPOINT WARNING * * *
Things that are here:
a +0 robe; a smoky pink potion; 13 gold pieces The dart slug launches a dart at you.
You block the slug dart. The dart slug launches a dart at you.
The slug dart hits you.
You die...

.#.....#...#.#...#.
........#.#...#.#..
#....#...#.....#
##...)#..#..)..# # .
#.#..†###....(### .#.#
#..#).#..#...#..# ...#.
#...###...#.#...###......
#...#...#...#...#)(w#...
#..#.....#..#..#@..).#.
.........(#####.........#
#..#.....# #..#.....#....
##. .# #...#...#?..#.
#.#...###....# #...#..#
#...# #.....### #..#
#..... .. #....


You could see a dart slug.

Vanquished Creatures
  An ooze (D:1)
  A giant cockroach (D:1)
  5 hobgoblins (D:1)
  A bat (D:1)
  2 kobolds (D:1)
  2 rats (D:1)
12 creatures vanquished.

Notes
Turn   | Place    | Note
-------+----------+-------------------------------------------
     0 | D:1      | Ozzies the Gargoyle Fighter began the quest for the Orb.
     0 | D:1      | Reached XP level 1. HP: 14/14 MP: 1/1
   174 | D:1      | Reached XP level 2. HP: 17/20 MP: 2/2
   176 | D:1      | Reached skill level 4 in Fighting
   208 | D:1      | Killed from afar by a dart slug

Illustrated notes

Levels and vault maps discovered:
D:1:      lightli_arrival_chessboard, layout_rooms, minmay_misc_feat_five,
          st_stairs_8, minmay_splitting_lines

Skill      XL: |  1  2 |
---------------+-------+-----
Fighting       | 4 |  4.2
Maces & Flails | |  2.0
Armour         | |  3.2
Shields        | |  3.2

Action                   || total
-------------------------++-------
Melee: Flail             ||    39
Armor: Scale mail        ||    33
Dodge: Dodged            ||    19
Block: Kite shield       ||    17

Table legend: (Time is in decaauts)
 A = Elapsed time spent in this place.
 B = Non-inter-level travel time spent in this place.
 C = Inter-level travel time spent in this place.
 D = Time resting spent in this place.
 E = Time spent auto-exploring this place.
 F = Levels seen in this place.
 G = Mean time per level.
                   A        B        C        D        E       F      G
               +--------+--------+--------+--------+--------+-----+--------+
         Total |    223 |    223 |      0 |      0 |    136 |   1 |  223.0 |
       Dungeon |    223 |    223 |      0 |      0 |    136 |   1 |  223.0 |
               +--------+--------+--------+--------+--------+-----+--------+

Top non-repeatable levels by time:
     D:1: 223 daAuts
